Map: Ever Dream LE

Players

KingCobra

  • Race: Protoss Protoss
  • Spawn Location: 1:00

GOStephano (Stephano) - Winner!

  • Race: Zerg Zerg
  • League: Grandmaster
  • Spawn Location: 7:00

Event: DreamHack SC2 Masters 2020 Fall

VOD

Have the link to the VOD?

Description

Time

  • Played on: Aug. 27, 2020, 2:07 p.m.
  • Length: 13:24

All games in this series

Show
View Real Time Build Order
Export as new Build Order

KingCobra Protoss 

Build Orders: 1 Gate Expand, Oracle Opening, Zealot Archon 

Get SALT Encoding   

  12  0:00  Probe  
  13  0:12  Probe  
  14  0:17  Pylon  
  14  0:24  Probe  
  15  0:36  Gateway  
  15  0:38  Probe (Chrono Boost)  
  16  0:47  Assimilator, Probe (Chrono Boost)  
  17  0:52  Probe (Chrono Boost)  
  19  1:04  Probe (Chrono Boost)  
  19  1:05  Assimilator  
  19  1:13  Probe (Chrono Boost)  
  20  1:18  Probe  
  21  1:27  Cybernetics Core  
  21  1:40  Nexus  
  21  1:43  Probe  
  22  1:49  Pylon  
  22  1:55  Probe (Chrono Boost)  
  23  2:08  Stargate, Probe (Chrono Boost)  
  24  2:11  Adept  
  26  2:16  Probe (Chrono Boost)  
  26  2:19  Warp Gate  
  26  2:22  Probe  
  28  2:33  Shield Battery  
  28  2:34  Probe  
  29  2:44  Void Ray (Chrono Boost)  
  29  2:46  Probe  
  30  2:52  Probe  
  30  2:58  Probe  
  36  3:01  Stalker  
  36  3:04  Probe  
  39  3:10  Probe  
  40  3:16  Probe  
  40  3:17  Gateway  
  41  3:22  Probe  
  41  3:25  Oracle, Pylon  
  45  3:38  Probe (Chrono Boost)  
  45  3:39  Assimilator  
  46  3:42  Assimilator  
  46  3:43  Probe (Chrono Boost)  
  48  3:52  Pylon, Probe x2 (Chrono Boost)  
  49  3:57  Probe (Chrono Boost)  
  49  4:00  Probe  
  51  4:09  Probe  
  52  4:12  Probe  
  53  4:21  Probe  
  53  4:22  Twilight Council, Forge  
  55  4:24  Probe  
  53  4:33  Probe  
  53  4:37  Probe  
  55  4:41  Protoss Ground Weapons Level 1, Adept x2  
  59  4:45  Probe  
  59  4:49  Pylon  
  60  4:53  Nexus, Probe  
  60  4:55  Pylon  
  60  4:56  Resonating Glaives (Chrono Boost)  
  61  5:04  Probe  
  61  5:05  Probe  
  56  5:16  Adept x2, Probe  
  56  5:17  Probe  
  56  5:20  Photon Cannon  
  62  5:21  Gateway  
  62  5:22  Gateway  
  62  5:26  Shield Battery  
  62  5:29  Probe x2  
  64  5:38  Adept x2  
  64  5:39  Templar Archives  
  64  5:41  Probe x2  
  70  5:46  Pylon  
  70  5:53  Probe x2  
  70  5:55  Pylon  
  72  6:05  Probe x2  
  72  6:06  Gateway  
  72  6:07  Gateway  
  72  6:10  Psionic Storm  
  74  6:17  Probe  
  73  6:22  High Templar x4  
  73  6:23  Probe x2  
  73  6:24  Assimilator  
  75  6:29  Gateway  
  75  6:30  Assimilator, Gateway  
  75  6:31  Archon x2  
  75  6:36  Probe x2  
  77  6:48  Charge (Chrono Boost)  
  77  6:49  Photon Cannon  
  77  6:50  Photon Cannon  
  77  6:51  Probe x2  
  79  6:55  High Templar x2  
  79  7:01  High Templar  
  85  7:02  Probe  
  85  7:03  Probe  
  85  7:06  Pylon  
  85  7:07  Pylon  
  87  7:09  Pylon  
  87  7:10  High Templar  
  87  7:13  Probe  
  90  7:18  Probe x2  
  90  7:21  High Templar  
  94  7:26  Photon Cannon x2  
  94  7:28  High Templar, Pylon  
  94  7:29  Zealot x4  
  104  7:36  Zealot  
  106  7:48  Nexus  
  106  7:49  Pylon  
  106  7:53  Zealot x5  
  106  7:54  Unknown  
  116  8:00  Protoss Air Weapons Level 1  
  116  8:10  Fleet Beacon, Stargate  
  116  8:16  Protoss Ground Weapons Level 2  
  116  8:17  Photon Cannon  
  116  8:18  Gateway  
  116  8:22  Gateway  
  116  8:24  Shield Battery  
  116  8:26  Probe x2  
  116  8:27  Probe  
  115  8:29  Pylon  
  115  8:32  High Templar x2  
  115  8:34  Zealot x6  
  109  8:36  Archon  
  115  8:48  Gateway  
  115  8:49  Photon Cannon  
  115  8:52  Shield Battery  
  115  8:53  Carrier x2 (Chrono Boost)  
  104  9:12  Probe x2  
  104  9:13  Gateway  
  106  9:17  Zealot x5  
  106  9:18  Probe x2 (Chrono Boost)  
  106  9:24  Mothership (Chrono Boost)  
  92  9:54  Zealot x2  
  92  9:55  Zealot x9  
  92  9:56  Carrier (Chrono Boost)  
  97  10:15  Zealot  
  97  10:16  Zealot x2  
  97  10:17  High Templar  
  97  10:18  High Templar  
  95  10:22  Archon  
  95  10:23  High Templar x2  
  95  10:25  High Templar  
  95  10:26  High Templar x2  
  97  10:33  Archon  
  89  10:40  Zealot x2  
  88  10:48  High Templar x2  
  77  10:56  High Templar  
  78  10:59  Protoss Air Weapons Level 2 (Chrono Boost), Probe x2  
  78  11:03  Probe  
  81  11:05  Zealot x4  
  89  11:12  High Templar  
  89  11:14  Probe x2  
  89  11:15  Probe  
  94  11:25  High Templar  
  96  11:26  Probe x2  
  96  11:27  High Templar  
  96  11:28  Probe  
  101  11:38  Probe x2  
  103  11:40  Probe  
  104  11:47  Robotics Facility  
  104  11:50  Probe  
  104  11:52  Probe x2  
  99  12:02  Probe  
  99  12:03  Carrier (Chrono Boost)  
  99  12:04  Probe x2  
  108  12:13  Nexus  
  108  12:16  Pylon  
  108  12:22  High Templar x2  
  112  12:26  Archon  
  112  12:27  High Templar x2  
  112  12:28  Observer  
  116  12:31  Archon  
  116  12:32  Probe x3  
  120  12:41  Photon Cannon  
  120  12:43  Shield Battery  
  120  12:44  Probe x2  
  120  12:45  Assimilator, Probe  
  120  12:49  Assimilator  
Show
View Real Time Build Order
Export as new Build Order

GOStephano Zerg - Winner!

Build Orders: Hatch First, Lurkers 

Get SALT Encoding   

  12  0:00  Drone  
  13  0:12  Overlord  
  13  0:16  Drone  
  14  0:30  Drone x2  
  16  0:47  Hatchery  
  15  0:50  Drone  
  15  0:53  Drone  
  17  0:57  Drone  
  18  1:07  Extractor  
  17  1:12  Spawning Pool  
  17  1:16  Drone  
  17  1:20  Drone  
  18  1:27  Drone  
  19  1:38  Drone  
  20  1:49  Drone  
  21  1:59  Queen x2  
  21  2:00  Zergling x2  
  27  2:01  Drone  
  27  2:09  Drone  
  27  2:10  Overlord  
  27  2:14  Metabolic Boost  
  28  2:27  Hatchery  
  28  2:28  Drone  
  28  2:31  Drone  
  28  2:34  Drone  
  30  2:40  Queen  
  32  2:45  Drone  
  32  2:48  Overlord  
  33  2:52  Drone x2  
  36  2:58  Drone  
  36  2:59  Evolution Chamber  
  36  3:03  Drone  
  36  3:06  Drone x3  
  36  3:09  Drone  
  36  3:11  Drone  
  41  3:17  Queen  
  43  3:20  Drone  
  43  3:24  Overlord  
  44  3:28  Zerg Melee Weapons Level 1  
  44  3:31  Overlord  
  44  3:34  Overlord  
  44  3:44  Queen  
  44  3:45  Drone, Extractor  
  44  3:46  Zergling x4  
  48  3:49  Zergling x2  
  48  3:52  Drone  
  48  3:53  Drone  
  50  3:56  Drone x2  
  50  3:57  Drone  
  50  3:58  Drone  
  50  4:00  Drone  
  50  4:02  Overlord  
  55  4:05  Drone  
  55  4:08  Extractor  
  55  4:10  Spore Crawler  
  55  4:14  Drone  
  55  4:16  Zergling x6  
  60  4:17  Drone x3  
  60  4:23  Lair  
  63  4:24  Drone  
  63  4:25  Drone  
  63  4:29  Drone x2  
  63  4:31  Drone  
  68  4:37  Drone x4  
  69  4:41  Extractor  
  69  4:42  Extractor  
  69  4:45  Spore Crawler  
  65  4:47  Drone x6  
  71  4:53  Drone, Spore Crawler  
  71  4:54  Spore Crawler  
  71  4:57  Zergling x8  
  74  5:07  Drone x2  
  74  5:12  Overlord  
  72  5:15  Overlord x2  
  72  5:18  Extractor  
  72  5:19  Extractor  
  69  5:23  Drone x2  
  69  5:25  Drone x2  
  69  5:28  Drone, Hatchery  
  74  5:34  Drone x3  
  75  5:35  Drone  
  75  5:38  Drone x2  
  75  5:41  Overseer  
  78  5:45  Zerg Melee Weapons Level 2  
  78  5:46  Zergling x2  
  78  5:47  Zergling x6  
  82  5:56  Zergling x2  
  82  5:57  Zergling x14  
  90  6:00  Overlord  
  90  6:06  Spire  
  90  6:08  Baneling Nest  
  90  6:09  Zergling x4  
  90  6:10  Zergling x2  
  91  6:17  Drone x3  
  92  6:22  Drone x4  
  95  6:26  Pneumatized Carapace  
  95  6:30  Drone x2, Infestation Pit  
  95  6:31  Evolution Chamber  
  95  6:32  Drone  
  96  6:42  Drone x5  
  96  6:43  Hydralisk Den  
  96  6:44  Zergling x2  
  96  6:45  Zergling x4  
  98  6:48  Drone  
  98  6:53  Centrifical Hooks  
  99  6:57  Zergling x2  
  99  6:58  Zergling x18  
  99  6:59  Unknown  
  108  7:02  Spore Crawler  
  108  7:03  Zerg Missile Weapons Level 1  
  108  7:05  Overlord  
  108  7:06  Overlord  
  107  7:17  Overlord x2  
  107  7:18  Overlord x3  
  107  7:20  Muscular Augments  
  107  7:29  Hydralisk x5  
  117  7:38  Hydralisk x5  
  127  7:49  Overlord  
  127  7:50  Drone x3  
  127  7:51  Drone x3  
  131  7:59  Hive  
  131  8:01  Lurker Den  
  129  8:05  Baneling  
  129  8:06  Baneling x14  
  129  8:07  Zergling x2  
  129  8:09  Hatchery  
  129  8:10  Zergling x6  
  129  8:11  Zergling x2  
  133  8:15  Overseer  
  133  8:19  Zerg Ground Armor Level 1  
  132  8:22  Zergling x16  
  138  8:28  Zergling x14  
  138  8:30  Baneling x4  
  138  8:31  Grooved Spines, Baneling x2  
  141  8:36  Drone x5  
  146  8:47  Overseer  
  146  8:51  Hydralisk x8  
  162  9:00  Overlord  
  156  9:02  Overlord  
  156  9:05  Zerg Missile Weapons Level 2  
  154  9:12  Seismic Spines, Spire  
  154  9:15  Zergling x12  
  159  9:19  Baneling x16  
  159  9:32  Zergling x22  
  159  9:33  Zergling x4  
  172  9:43  Zergling x18  
  171  9:51  Zergling x12  
  160  9:59  Zergling x8  
  149  10:06  Hydralisk x7  
  156  10:09  Adaptive Talons  
  141  10:14  Hydralisk x5  
  141  10:19  Hatchery  
  141  10:23  Zergling x12  
  142  10:31  Zergling x14  
  143  10:38  Hydralisk  
  143  10:39  Hydralisk x6  
  143  10:42  Zerg Flyer Armor Level 1  
  155  10:51  Drone x8  
  155  10:54  Spire  
  162  11:03  Corruptor  
  164  11:04  Overlord x3  
  164  11:05  Overlord  
  164  11:08  Extractor  
  164  11:09  Extractor  
  162  11:13  Baneling x3  
  162  11:20  Viper  
  162  11:22  Overseer  
  162  11:23  Corruptor, Overseer  
  162  11:24  Corruptor x3  
  173  11:34  Corruptor  
  173  11:35  Corruptor  
  173  11:38  Lurker x2  
  173  11:39  Lurker x2  
  181  11:42  Drone  
  181  11:44  Corruptor x2, Hatchery  
  185  11:52  Corruptor x3  
  188  12:03  Corruptor x5  
  188  12:05  Overseer x2  
  198  12:12  Extractor x2  
  198  12:14  Drone x2, Spine Crawler x2  
  198  12:15  Drone  
  197  12:16  Drone  
  197  12:17  Drone  
  197  12:18  Drone, Spine Crawler  
  199  12:40  Spore Crawler x2  
  199  12:41  Spore Crawler  
  199  12:42  Spore Crawler  
  195  12:45  Corruptor x2  

Tags
 
Add a new tag
Caveats
  • Supply blocks, unpowered buildings, or Contaminate may cause inaccurate times.
  • Supply counts are checked every 10 seconds.